Cogmind - Beta 10.2 @@@ ROGUE MODE // 2021.03.27 @ 06:49:30 Player: Zycro Result: Destroyed by exploding Nuclear Reactor Performance ------------- Evolutions (0) 0 Regions Visited (1) 200 Robots Destroyed (8) 40 Value Destroyed (141) 141 Prototype IDs (4) 80 Alien Tech Used (0) 0 Bonus (0) 0 TOTAL SCORE: 461 Bonus ------- None Cogmind --------- Core Integrity 0/250 Matter 300/300 Energy 100/100 System Corruption 0% Temperature Cool (0) Movement Core (150) Ox2 Location -10/Materials Parts ------- > --- POWER (1) -------- (None) > --- PROPULSION (2) --- (None) > --- UTILITY (2) ------ Small Storage Unit Small Storage Unit > --- WEAPON (2) ------- (None) > --- INVENTORY (8) ---- Light Treads Aluminum Leg Compact Wheel Flight Unit Mining Laser Peak State ------------ > --- POWER ------------ Light Ion Engine > --- PROPULSION ------- Light Treads Wheel > --- UTILITY ---------- Small Storage Unit Small Storage Unit > --- WEAPON ----------- Assault Rifle Light Assault Rifle > --- INVENTORY -------- Light Treads Aluminum Leg Compact Wheel Flight Unit Mining Laser [Rating: 7] Favorites ----------- Power Light Ion Engine Engine Light Ion Engine Propulsion Wheel Treads Light Treads Wheel Wheel Utility Small Storage Unit Storage Small Storage Unit Weapon Assault Rifle Ballistic Gun Assault Rifle Build | -11 -10 ------- Run | Scr Mat Slots Evolved . | . . Power . | . . Propulsion . | . . Utility . | . . Weapon . | . . Parts Attached 8 | 6 2 Power 2 | 1 1 Engine 2 | 1 1 Core . | . . Reactor . | . . Propulsion 2 | 2 . Treads 1 | 1 . Leg . | . . Wheel 1 | 1 . Hover . | . . Flight . | . . Utility 2 | 1 1 Device . | . . Storage 2 | 1 1 Processor . | . . Hackware . | . . Protection . | . . Artifact . | . . Weapon 2 | 2 . Energy Gun . | . . Energy Cannon . | . . Ballistic Gun 2 | 2 . Ballistic Cannon . | . . Launcher . | . . Special Weapon . | . . Impact Weapon . | . . Slashing Weapon . | . . Piercing Weapon . | . . Special Melee Weapon . | . . Unidentified Prototypes . | . . Parts Lost 6 | . 6 Power 2 | . 2 Propulsion 2 | . 2 Utility . | . . Weapon 2 | . 2 Highest Loss Streak 5 | . 5 Average Slot Usage (%) 87 | . 87 Engine 11 | . 11 Treads 14 | . 14 Wheel 14 | . 14 Storage 18 | . 18 Ballistic Gun 27 | . 27 Naked Turns . | . . Heaviest Build 14 | 10 14 Greatest Support 10 | 10 10 Greatest Overweight (x) 1 | . 1 Average Overweight (x) . | . . Largest Inventory Capacity 8 | 6 8 Average Capacity 6 | 5 6 Most Carried 6 | 6 6 Average Carried 4 | 2 5 Final Capacity 8 | 6 8 Final Carried 5 | 5 5 Class Distribution -------------------- 100% | Mutant Dominant Class ---------------- Mutant | -10/Materials Resources | -11 -10 ----------- Run | Scr Mat Matter Collected 393 | 260 133 Remotely . | . . Salvage Created 176 | . 176 Parts 13 | . 13 Haulers Intercepted . | . . Recyclers Shooed . | . . Parts Field Recycled . | . . Retrieved Matter . | . . Parts Self-Destructed . | . . Prevented . | . . Kills | -11 -10 ------- Run | Scr Mat Combat Hostiles Destroyed 8 | . 8 Guns 8 | . 8 Classes Destroyed 2 | . 2 Swarmer 6 | . 6 Grunt 2 | . 2 Best Kill Streak 6 | . 6 Combat Bots Only 6 | . 6 Max Kills in Single Turn 1 | . 1 Gunslinging . | . . Exploded . | . . Melee . | . . Uniques/NPCs Destroyed . | . . Combat | -11 -10 -------- Run | Scr Mat Damage Taken 803 | . 803 Core 291 | . 291 Absorbed by Shields . | . . Core Remaining (%) 100 | 100 . Volleys Fired 34 | . 34 Largest 2 | . 2 Hottest 40 | . 40 Shots Fired 63 | . 63 Gun 63 | . 63 Cannon . | . . Launcher . | . . Special . | . . Kinetic 63 | . 63 Thermal . | . . Explosive . | . . Electromagnetic . | . . Robot Hit Streak 8 | . 8 Robot Miss Streak 3 | . 3 Penetration Max . | . . Secondary Targets 3 | . 3 Max Gunslinging Chain 1 | . 1 Shots Hit Robots 39 | . 39 Core Hits 12 | . 12 Critical Hits . | . . Critical Kills . | . . Critical Parts Destroyed . | . . Melee Attacks . | . . Impact . | . . Slashing . | . . Piercing . | . . Sneak Attacks . | . . Combat Hostiles . | . . Follow-up Attacks . | . . Damage Inflicted 373 | . 373 Guns 373 | . 373 Cannons . | . . Explosions . | . . Melee . | . . Ramming . | . . Kinetic 373 | . 373 Thermal . | . . Explosive . | . . Electromagnetic . | . . Impact . | . . Slashing . | . . Piercing . | . . Highest Corruption . | . . Average Corruption . | . . Corruption Purged . | . . Overload Shots . | . . Overflow Damage . | . . Projectiles . | . . Explosions . | . . Melee . | . . Knockbacks . | . . Impact . | . . Kinetic . | . . Secondary . | . . Self-Inflicted Damage . | . . Shots . | . . Rammed . | . . Targets Rammed . | . . Kicked . | . . Crushed . | . . Highest Temperature 25 | . 25 Average Temperature 10 | . 10 Received Heat Transfer 234 | . 234 Siege Activations . | . . Robots Corrupted . | . . Combat Hostiles . | . . Parts Fried . | . . Impact Corruptions . | . . Robots Melted . | . . Combat Hostiles . | . . Parts Melted . | . . Heat Transferred . | . . Parts Sabotaged . | . . Parts Stolen . | . . Parts Stripped . | . . Power Chain Reactions . | . . Missiles Intercepted . | . . Alert | -11 -10 ------- Run | Scr Mat Peak Influence 191 | . 191 Initial . | . . Average 39 | . 49 Maximum Alert Level . | . . Low Security (%) 100 | 100 100 Level 1 . | . . Level 2 . | . . Level 3 . | . . Level 4 . | . . Level 5 . | . . High Security . | . . Max Security . | . . Squads Dispatched . | . . Investigation . | . . Extermination . | . . Reinforcement . | . . Assault . | . . Garrison . | . . Intercept . | . . Construction Impeded . | . . Haulers Reinforced . | . . Stealth | -11 -10 --------- Run | Scr Mat Distress Signals . | . . Communications Jammed . | . . Distress Signals . | . . Times Spotted 8 | . 8 Peak Tracking Total 3 | . 3 Tactical Retreats . | . . Traps | -11 -10 ------- Run | Scr Mat Traps Triggered . | . . Indirectly . | . . Trap Hack Attempts . | . . Triggered . | . . Disarmed . | . . Reprogrammed . | . . Reused . | . . Traps Extracted . | . . Installed . | . . Triggered . | . . Machines | -11 -10 ---------- Run | Scr Mat Machines Disabled . | . . Max in Single Turn . | . . Machines Sabotaged . | . . Garrisons Compromised . | . . Overloaded Fab Kills . | . . Fab Network Shutdowns . | . . Hacking | -11 -10 --------- Run | Scr Mat Machines Accessed 2 | . 2 Terminals 2 | . 2 Fabricators . | . . Repair Stations . | . . Recycling Units . | . . Scanalyzers . | . . Garrison Access . | . . Total Hacks 7 | . 7 Successful 6 | . 6 Failed 1 | . 1 Catastrophic . | . . Database Lockouts . | . . Manual . | . . Terminals 7 | . 7 Fabricators . | . . Repair Stations . | . . Recycling Units . | . . Scanalyzers . | . . Garrison Access . | . . Terminal Hacks 6 | . 6 Record 3 | . 3 Prototype ID Bank 2 | . 2 Locate Traps 1 | . 1 Fabricator Hacks . | . . Repair Station Hacks . | . . Recycling Unit Hacks . | . . Scanalyzer . | . . Garrison Access Hacks . | . . Unauthorized Hacks . | . . Terminals . | . . Fabricators . | . . Repair Stations . | . . Recycling Units . | . . Scanalyzers . | . . Garrison Access . | . . Data Cores Recovered . | . . Used . | . . Hacking Detections 1 | . 1 Full Trace Events 1 | . 1 Feedback Events . | . . Feedback Blocked . | . . Robot Schematics Acquired . | . . Robots Built . | . . Matter . | . . Time . | . . Total Robot Build Rating . | . . Part Schematics Acquired . | . . Parts Built . | . . Matter . | . . Time . | . . Total Part Build Rating . | . . Parts Repaired . | . . Time . | . . Parts Recycled . | . . Recycled Matter . | . . Retrieved Matter . | . . Retrieved Components . | . . Parts Scanalyzed . | . . Part Schematics Acquired . | . . Parts Damaged . | . . Bothacking | -11 -10 ------------ Run | Scr Mat Used RIF Installer . | . . Robots Hacked . | . . Non-combat . | . . Combat . | . . Robot Hacks Applied . | . . Relay Couplers Released . | . . Robots Rewired . | . . Allies Hacked . | . . Hacks Repelled . | . . Allies | -11 -10 -------- Run | Scr Mat Total Allies . | . . Largest Group . | . . Highest-Rated Group . | . . Highest-Rated Ally . | . . Total Orders . | . . Ally Attacks . | . . Total Damage . | . . Kills . | . . Allies Corrupted . | . . Allies Melted . | . . Intel | -11 -10 ------- Run | Scr Mat Robot Analysis Total . | . . Derelict Logs Recovered . | . . Drone Launches . | . . Drone Recoveries . | . . Exploration | -11 -10 ------------- Run | Scr Mat Turns Passed 256 | 55 201 Spaces Moved 170 | 49 121 Core 4 | 4 . Treads . | . . Legs . | . . Wheels 166 | 45 121 Hover . | . . Flight . | . . Fastest Speed 50 | 50 80 Average Speed 81 | 77 83 Slowest Speed 90 | 80 90 Overloaded Moves . | . . Propulsion Burnouts . | . . Robots Hopped . | . . Cave-ins Triggered . | . . Exploration Rate (%) 15 | 3 28 Regions Visited 1 Branch Regions . Pre-discovered Areas . | . . Known Exits Taken . | . . Unknown Exits Taken 1 | 1 . Scrap Searched . | . . Spaces Dug . | . . Terrain Destroyed . | . . Melee . | . . Projectile . | . . AOE . | . . Terrain Rammed . | . . Walls Destroyed . | . . Machines Disabled . | . . Actions | -11 -10 --------- Run | Scr Mat Total 229 | 65 164 Wait 3 | . 3 Move 169 | 48 121 Hop . | . . Pick Up 14 | 11 3 Fast Attach . | . . Attach 8 | 6 2 Detach . | . . Swap . | . . Drop 1 | . 1 Fire 34 | . 34 Melee . | . . Ram . | . . Kick . | . . Crush . | . . Escape Stasis . | . . Rewire . | . . Trap . | . . Miscellaneous . | . . Route ------- -11/Scrapyard -10/Materials History --------- Turn | Location | Event 16 | -11/Scrapyard | Discovered new exit (range 16) 56 | -11/Scrapyard | Entered Materials 252 | -10/Materials | Core integrity fell below 50% 257 | -10/Materials | Destroyed by exploding Nuclear Reactor Last Messages --------------- Acquired 37 matter. K-01 Serf collects debris. Lgt. Ion Engine destroyed. K-01 Serf collects debris. K-01 Serf cleans the Nuclear Reactor. K-01 Serf collects debris. Lgt. Assault Rifle destroyed. S-10 Pest destroyed. K-01 Serf collects debris. S-10 Pest destroyed. K-01 Serf collects debris. S-10 Pest destroyed. K-01 Serf collects debris. Acquired 10 matter. Nuclear Reactor explodes. Lgt. Treads destroyed. Assault Rifle destroyed. Wheel destroyed. Nuclear Reactor explodes. K-01 Serf destroyed. Map ----- +----------------------------------------------------+ | ?????????????????????????????????????????????????? | | ?????????????????????????????????????????????????? | | ?????????????????????????????????????????????????? | | ?????????????????????????????????????????????????? | | ?????????????????????????????????????????????????? | | ?????????????????????????????????????????????????? | | ?????????????????????????????????????????????????? | | ?????????????????????????????????????????????????? | | ?????????????????????????????????????????????????? | | ????????????????????????? ?????????????????????? | | ????????????????????????? ?????????????????????? | | ????????????????????????? #????????????????????? | | ????????????????????????# #????????????????????? | | ????????????????????#???# #????????????????????? | | ????????????????????# ??# #????????????????????? | | ????????????######### ??# #????????????????????? | | ??????????? ### #????????????????????? | | ??????????? ^ #????????????????????? | | ?????????? ^^ #????????????????????? | | ?????????? ^ ^ k #????????????????????? | | ????????????k ^ #????????????????????? | | ?????????????# ^ =#????" ??????????????? | | ?????????????# *%#??""" #?????????????? | | ?????????????# %%=# #?????????????? | | ?????????????# ^ !* """ ??????????????? | | ??????????????????### [@ """ ??????????????? | | ????????????????????# [ ! """ ??????????????? | | ????????????????????# #?????????????? | | ????????????????????# ##########??????????? | | ????????????????????# #??????????? | | ????????????#???????#^ #??????????? | | ????????????# ??????# + #??????????? | | ????????????# ????# """ # """ """ #??????????? | | ?????????????# #### """ # """ """ #??????????? | | ?????????????# """ # """ """ #??????????? | | ?????????????# # #??????????? | | ?????????????# # "T" #??????????? | | ?????????????# ###########??????????? | | ?????????????###### ### #????????????????????? | | ??????????????????# #?# ########?????????????? | | ??????????????????# #?# # #?????????????? | | ??????????????????# #?# # [[* #?????????????? | | ??????????????????# #?# # [** #?????????????? | | ?????????????????? ?# # [** #?????????????? | | ????????????????? ?# # #?????????????? | | ????????????????? ?# + ] #?????????????? | | ???????????????? ?# #############????????? | | ????????????????## ?# #?# = #????????? | | ?????????????????######## #?# #????????? | | ????????????????????????# #?# #????????? | +----------------------------------------------------+ Best States ------------- Heat Dissipation 25 Energy Generation 10 Energy Capacity 125 Matter Stores 300 Matter Capacity 300 Sight Range 16 Terrain Scan Density 10 Evasion (%) 44 Item Schematics ----------------- None Robot Schematics ------------------ None Fabricated ------------ Nothing Alien Tech Used ----------------- None Achievements -------------- None Challenges ------------ None Game ------ Seed AssembledAluminumLaser Manual? 0 Play Time 00:08:31 Cumulative 2.2 hours Start 2021.03.27 @ 06:41:47 End 2021.03.27 @ 06:49:30 Sessions 1 Manual Loads 0 Difficulty Rogue Special Mode None Game No. 7 Rogue 7 Adventurer 0 Explorer 0 Win Type - Total 0 Types 0/0/0/0/0/0/0/0/0 Lore% 3 Gallery% 4 Achievement% 5 Wizard Run 0 Options --------- ASCII 0 Keyboard 0 Movement Mouse Keybinds 0 Fullscreen 1 Font 18/SmallcapsGlow Map View 76x50 Tactical HUD 0 Map Filters NONE Filters NONE Steam 1 RUN: 531efeb4-11f8-4a22-b45f-edc7ee5d5a0a